 Dungeon Crawl Stone Soup version 0.29.1-13-g9f3cf754e1 (console) character file.

Game seed: 2726989956160571283

40097 om the Thaumaturge (level 14, -4/96 HPs)
             Began as a Djinni Fire Elementalist on Feb 10, 2023.
             Was a Priest of Ashenzari.
             Slain by an orc warlord
             ... wielding a +3 glaive of flaming
              (10 damage)
             ... on level 2 of the Orcish Mines.
             The game lasted 00:57:48 (23217 turns).

om the Thaumaturge (Djinni Fire Elementalist)      Turns: 23217, Time: 00:57:49

Health: -4/96      AC: 13    Str: 10    XL:     14   Next: 43%
Gold:   706        EV: 18    Int: 20    God:    Ashenzari [***...] SH:  0 Dex: 22

rFire   + + .      SeeInvis +   s - +10 morningstar {drain, Will+, Melee, Evo} (curse)
rCold   x . .      Faith    .   (no shield)
rNeg    + . .      Spirit   .   C - +0 steam dragon scales
rPois   ∞          Reflect  .   L - +1 hat
rElec   .          Harm     .   w - +1 cloak of Cremastomancy {rCorr, Cun, Self} (curse)
rCorr   +          Rampage  .   F - +2 pair of gloves "Restrained With Me" {Str+3, Cun, Evo} (curse)
Will    ++...      Clarity  +   (boots unavailable)
Stlth   +++.......              J - amulet "Oscillating Fan" {Regen+, Fort, Melee} (curse)
HPRegen 1.06/turn               p - ring "Lashed With Me" {rN+, Cun, Self} (curse)
MPRegen 0.00/turn               m - +6 ring of dexterity

@: flying
A: sickness immunity, fire resistance 2, cold vulnerability 1, float, innate
caster, HP casting, extra vitality 1
a: Renounce Religion, Curse Item, Shatter the Chains


You were on level 2 of the Orcish Mines.
You worshipped Ashenzari.
Ashenzari was most pleased with you.
You visited 3 branches of the dungeon, and saw 17 of its levels.
You also visited: Bailey.

You collected 1519 gold pieces.
You spent 813 gold pieces at shops.

Inventory:

Hand Weapons
 s - the cursed +10 morningstar "Overhang to Understand" (weapon) {drain, Will+, Melee, Evo}
   (You took it off a centaur on level 12 of the Dungeon)

   A truly terrible weapon, it drains the life of any living foe it strikes.
   Will:      It increases your willpower.
   It has a curse which improves the following skills: Melee Combat: Short
   Blades, Long Blades, Axes, Maces & Flails, Polearms, Staves and Unarmed
   Combat.
   Evocations: Evocations.
 D - a +1 vorpal scimitar
Missiles
 G - 2 throwing nets
Armour
 a - a +2 helmet of see invisible
 w - the cursed +1 cloak of Cremastomancy (worn) {rCorr, Cun, Self}
   (You took it off Crazy Yiuf on level 4 of the Dungeon)

   It has a curse which improves the following skills: Cunning: Dodging and
   Stealth.
   Introspection: Fighting and Spellcasting.
 C - +0 steam dragon scales (worn)
 F - the cursed +2 pair of gloves "Restrained With Me" (worn) {Str+3, Cun, Evo}
   (You bought it in a shop on level 10 of the Dungeon)

   It has a curse which improves the following skills: Cunning: Dodging and
   Stealth.
   Evocations: Evocations.
 L - a +1 hat (worn)
Jewellery
 m - a +6 ring of dexterity (right hand)
 p - the cursed ring "Lashed With Me" (left hand) {rN+, Cun, Self}
   (You found it on level 3 of the Dungeon)

   [ring of positive energy]

   rN:        It protects you from negative energy.
   It has a curse which improves the following skills: Cunning: Dodging and
   Stealth.
   Introspection: Fighting and Spellcasting.
 J - the cursed amulet "Oscillating Fan" (around neck) {Regen+, Fort, Melee}
   (You bought it in a shop on level 13 of the Dungeon)

   [amulet of regeneration]

   Regen:     It increases your rate of health regeneration.
   It has a curse which improves the following skills: Fortitude: Armour and
   Shields.
   Melee Combat: Short Blades, Long Blades, Axes, Maces & Flails, Polearms,
   Staves and Unarmed Combat.
 M - a ring of ice
Wands
 e - a wand of charming (9)
 f - a wand of flame (10)
 q - a wand of polymorph (16)
 v - a wand of light (3)
 y - a wand of mindburst (7)
Scrolls
 i - 2 scrolls of brand weapon
 j - 4 scrolls of poison
 n - 3 scrolls of butterflies
 u - 5 scrolls of magic mapping
 A - a scroll of acquirement
 E - 2 scrolls of teleportation
 H - a scroll of silence
 I - 2 scrolls of enchant armour
Potions
 b - 3 potions of invisibility
 c - 3 potions of cancellation
 d - 3 potions of attraction
 g - a potion of haste
 h - a potion of degeneration
 k - 8 potions of flight
 l - 3 potions of brilliance
 o - 2 potions of resistance
 r - 7 potions of mutation
 t - 2 potions of ambrosia
 x - 2 potions of curing
 B - a potion of magic
Miscellaneous
 K - a phantom mirror


   Skills:
 - Level 4.6(7.0) Fighting
 - Level 7.4(9.9) Short Blades
 + Level 8.4(10.9) Maces & Flails
 - Level 6.0(7.6) Armour
 - Level 4.9(8.0) Dodging
 - Level 2.9(5.6) Stealth
 * Level 13.8(16.2) Spellcasting
 - Level 4.0(6.2) Evocations


You had 13 spell levels left.
You knew the following spells:

 Your Spells              Type           Power      Damage    Failure   Level
a - Foxfire               Conj/Fire      100%       2x1d9     0%          1
b - Scorch                Fire           100%       2d10      0%          2
c - Conjure Flame         Conj/Fire      69%        6-21      0%          3
d - Inner Flame           Hex/Fire       69%        N/A       0%          3
e - Flame Wave            Conj/Fire      69%        2d16      1%          4
f - Apportation           Tloc           100%       N/A       0%          1
g - Call Imp              Summ           69%        N/A       0%          2
h - Ozocubu's Armour      Ice            69%        N/A       0%          3
i - Passage of Golubria   Tloc           69%        N/A       1%          4
j - Anguish               Hex/Necr       34%        N/A       1%          4
k - Manifold Assault      Tloc           69%        N/A       1%          5
Your spell library was empty.

Dungeon Overview and Level Annotations

Branches:
Dungeon (14/15)            Temple (1/1) D:5            Lair (0/5) D:10
    Orc (2/2) D:10            Elf (0/3) Orc:2        Bailey (visited)
 Vaults: D:13-14

Altars:
Ashenzari
Cheibriados
Dithmenos
Elyvilon
Fedhas
Gozag
Hepliaklqana
Makhleb
Nemelex Xobeh
Okawaru
Qazlal
Ru
Trog
Uskayaw
Wu Jian
Xom
Yredelemnul
Zin
The Shining One

Shops:
D:7 [   D:10 [   D:13 =   Orc:2 (

Portals:
Abyss: D:4

Annotations:
D:4 2 transporters, tizbic2's ghost, amateur OgGl
D:6 exclusion: statue
D:14 Louise
Orc:1 3 runed translucent doors, BeingJoeMalik's ghost, journeyman GrFi


Innate Abilities, Weirdness & Mutations

You are immune to sickness and miasma.
You are immune to poison.
Your flesh is very heat resistant. (rF++)
You are vulnerable to cold. (rC-)
You float through the air rather than walking.
You learn spells naturally, not from books.
Your magical power is your life essence.
You have superior vitality. (+4 MHP)


Message History

Aim: an orc warlord, wielding a +3 glaive of flaming and wearing a +0 plate armour (severely wounded, more vulnerable to fire, lightly drained, chance to affect: 67%)
The orc warlord's mind is blasted!
The orc warlord hits you from afar with a +3 glaive of flaming!
* * * LOW HITPOINT WARNING * * *
The orc warlord burns you.
* * * LOW HITPOINT WARNING * * *
Okay, then.
You feel much better.
The orc warlord hits you from afar with a +3 glaive of flaming!!
* * * LOW HITPOINT WARNING * * *
That's the wrong kind of item! (Use * to select it.) Evoke which item? (* to show all) (? for menu, Esc to quit)
Huh?
Evoke which item? (* to show all) (? for menu, Esc to quit)
Okay, then.
That's the wrong kind of item! (Use * to select it.) Evoke which item? (* to show all) (? for menu, Esc to quit)
Okay, then.
Okay, then.
Aiming: Mindburst
Press: ? - help, Shift-Dir - straight line, f/p - orc warlord
Aim: an orc warlord, wielding a +3 glaive of flaming and wearing a +0 plate armour (almost dead, more vulnerable to fire, lightly drained, chance to affect: 67%)
The orc warlord struggles to resist.
The orc warlord hits you from afar with a +3 glaive of flaming!
* * * LOW HITPOINT WARNING * * *
The orc warlord burns you.
* * * LOW HITPOINT WARNING * * *
Okay, then.
Okay, then.
Casting: Scorch (safe; 0% risk of failure)
Confirm with . or Enter, or press ? or * to list all spells.
Okay, then.
Casting: Scorch (safe; 0% risk of failure)
Confirm with . or Enter, or press ? or * to list all spells.
Casting: Anguish (safe; 1% risk of failure)
Press: ? - help, Dir - look around, f - activate The orc warlord is haunted by guilt!
* * * LOW HITPOINT WARNING * * *
The orc warlord hits you from afar with a +3 glaive of flaming!
You die...

###...##### ####.........#
##....##<..## ##.#.........#
##...........###............##
#...........#.###...........#.
##.............#..............
###.........[....#..........<...
#....).....)....#[..............
##...[.....#.....)..)............
.)........##....@.o....))...#....
......)#####..............#.##...
....)[..# #.............######..
......{### ###....).......# #....
.........## ##..........#.####..
......o...# .....................
.........##......................
...#.............................
####..............#..............


You could see an orc warlord (combustible, drained, anguished).

Vanquished Creatures
  Gastronok (Orc:1)
  Fannar (Orc:1)
  2 hydras
  A boulder beetle (D:14)
  Erica (Orc:1)
  6 two-headed ogres
  A tengu warrior (D:14)
  Urug (Orc:1)
  2 orc high priests (Orc:2)
  An orc knight (D:9)
  3 deep elf pyromancers
  4 orc sorcerers (Orc:2)
  2 manticores
  3 cyclopes
  A gargoyle (D:12)
  2 unseen horrors (D:11)
  A tengu conjurer (D:14)
  5 trolls
  Grinder (D:3)
  3 tarantellas (Orc:1)
  5 slime creatures (D:13)
  6 spriggans (Bailey)
  2 wyverns
  12 yaks
  2 wraiths
  4 vampire mosquitoes
  3 steam dragons
  A redback (Orc:1)
  A basilisk (D:13)
  A warg (Orc:1)
  An acid dragon (D:11)
  Menkaure (D:4)
  Duvessa (D:4)
  2 water moccasins (D:7)
  An ice beast (D:7)
  31 orc warriors
  A sky beast (D:7)
  15 ogres
  6 centaurs
  A phantom (D:4)
  3 kobold brigands
  5 bullfrogs
  2 scorpions
  3 gnoll sergeants
  3 necrophages
  4 wights (D:8)
  Dowan (D:4)
  17 killer bees
  2 howler monkeys
  21 orc priests
  3 hounds
  A jelly (D:6)
  Crazy Yiuf (D:4)
  Ijyb (D:3)
  Terence (D:3)
  3 iguanas
  Natasha (thrice) (D:3)
  27 orc wizards
  19 gnolls
  4 adders
  A shadow imp (D:8)
  3 white imps
  2 ufetubi
  2 dart slugs
  72 orcs
  5 endoplasms
  4 giant cockroaches
  11 goblins
  8 hobgoblins
  2 jackals (D:3)
  3 quokkas
  5 ball pythons
  8 bats
  2 frilled lizards
  18 kobolds
  6 rats
415 creatures vanquished.

Vanquished Creatures (collateral kills)
  An orc (Orc:2)
1 creature vanquished.

Vanquished Creatures (others)
  A troll (Orc:2)
  2 vampire mosquitoes (D:11)
  An orc priest (D:10)
  460 foxfires
  A plant (D:8)
465 creatures vanquished.

Grand Total: 881 creatures vanquished

Notes
Turn   | Place    | Note
-------+----------+-------------------------------------------
     0 | D:1      | om the Djinni Fire Elementalist began the quest for the
                  | Orb.
     0 | D:1      | om set off with the following spells memorised: Foxfire,
                  | Scorch, Conjure Flame, Inner Flame, Flame Wave.
     0 | D:1      | Reached XP level 1. HP: 15/15 MP: 0/0
   287 | D:1      | Reached XP level 2. HP: 20/21 MP: 0/0
   771 | D:1      | Reached skill level 3 in Spellcasting
   931 | D:1      | Reached XP level 3. HP: 25/25 MP: 0/0
   931 | D:1      | Learned a level 1 spell: Apportation
  2140 | D:2      | Reached XP level 4. HP: 30/31 MP: 0/0
  2517 | D:3      | Found a faded altar of an unknown god.
  2594 | D:3      | Noticed Natasha
  2600 | D:3      | Killed Natasha
  2606 | D:3      | Noticed Grinder
  2996 | D:3      | Reached skill level 1 in Short Blades
  3064 | D:3      | Noticed Ijyb
  3254 | D:3      | Reached XP level 5. HP: 36/36 MP: 0/0
  3254 | D:3      | Learned a level 2 spell: Call Imp
  3318 | D:3      | Noticed Natasha
  3333 | D:3      | Paralysed by Grinder for 2 turns
  3350 | D:3      | Killed Natasha
  3351 | D:3      | Reached skill level 1 in Fighting
  3690 | D:3      | Noticed Terence
  3696 | D:3      | Killed Terence
  3857 | D:3      | Noticed Natasha
  3861 | D:3      | Killed Natasha
  4237 | D:3      | Killed Ijyb
  4238 | D:3      | Reached XP level 6. HP: 19/42 MP: 0/0
  4412 | D:3      | Paralysed by Grinder for 3 turns
  4423 | D:3      | Killed Grinder
  4424 | D:3      | Reached skill level 4 in Spellcasting
  4424 | D:3      | Reached XP level 7. HP: 29/48 MP: 0/0
  4424 | D:3      | Learned a level 3 spell: Ozocubu's Armour
  4801 | D:4      | Found a transporter.
  4803 | D:4      | Found a one-way gate to the infinite horrors of the Abyss.
  4803 | D:4      | Noticed tizbic2's ghost (amateur OgGl)
  4821 | D:4      | Noticed a small abomination
  4857 | D:4      | Noticed Duvessa
  4857 | D:4      | Noticed Dowan
  4857 | D:4      | Noticed Menkaure
  4866 | D:4      | Killed Duvessa
  4867 | D:4      | Reached skill level 5 in Spellcasting
  4875 | D:4      | Killed Menkaure
  4876 | D:4      | Reached XP level 8. HP: 10/54 MP: 0/0
  4876 | D:4      | Killed Dowan
  5399 | D:4      | Found a transporter.
  5800 | D:4      | Found a runed translucent door.
  5801 | D:4      | Noticed Crazy Yiuf
  5962 | D:4      | Reached skill level 6 in Spellcasting
  6090 | D:4      | Killed Crazy Yiuf
  6284 | D:5      | Entered Level 5 of the Dungeon
  6291 | D:5      | Reached skill level 1 in Armour
  6559 | D:5      | Found a staircase to the Ecumenical Temple.
  6568 | Temple   | Entered the Ecumenical Temple
  6668 | Temple   | Became a worshipper of Ashenzari the Shackled
  7775 | D:6      | Reached skill level 1 in Evocations
  7782 | D:6      | Reached XP level 9. HP: 53/62 MP: 0/0
  7782 | D:6      | Learned a level 4 spell: Passage of Golubria
  9123 | D:7      | Reached * piety under Ashenzari
  9123 | D:7      | Identified a scroll of acquirement
  9167 | D:7      | Found Inafoc's Antique Armour Emporium.
  9199 | D:7      | Bought a runed helmet for 195 gold pieces
  9472 | D:7      | Found a sacrificial altar of Ru.
  9565 | D:7      | Reached skill level 5 in Short Blades
 10113 | D:7      | Reached XP level 10. HP: 63/70 MP: 0/0
 10645 | D:8      | Reached skill level 5 in Armour
 10683 | D:8      | Found a flagged portal.
 10695 | Bailey   | Entered a bailey
 10824 | Bailey   | Reached skill level 7 in Spellcasting
 10865 | Bailey   | Reached skill level 8 in Spellcasting
 11642 | Bailey   | Noticed a two-headed ogre
 11657 | Bailey   | Killed a two-headed ogre
 11658 | Bailey   | Reached skill level 9 in Spellcasting
 11873 | Bailey   | Reached XP level 11. HP: 63/75 MP: 0/0
 11873 | Bailey   | Learned a level 4 spell: Anguish
 12866 | D:8      | Noticed a two-headed ogre
 12880 | D:8      | Killed a two-headed ogre
 12881 | D:8      | Reached skill level 10 in Spellcasting
 13826 | D:8      | Found a burning altar of Makhleb.
 14309 | D:9      | Reached skill level 12 in Spellcasting
 14309 | D:9      | Reached XP level 12. HP: 81/81 MP: 0/0
 14336 | D:9      | Noticed a two-headed ogre
 14361 | D:9      | Killed a two-headed ogre
 15612 | D:10     | Entered Level 10 of the Dungeon
 15612 | D:10     | Found a staircase to the Orcish Mines.
 15796 | D:9      | HP: 2/81 [orc knight/+0 great mace (22)]
 16206 | D:10     | Noticed an eight-headed hydra
 16216 | D:10     | Killed an eight-headed hydra
 16393 | D:10     | Found a hide-covered altar of Uskayaw.
 16785 | D:10     | Found Iseudit's Armour Shop.
 16798 | D:10     | Bought a +2 pair of gloves of strength for 258 gold pieces
 16934 | D:10     | Reached ** piety under Ashenzari
 17271 | D:10     | Found a staircase to the Lair.
 17660 | D:11     | Reached XP level 13. HP: 63/88 MP: 0/0
 17660 | D:11     | Learned a level 5 spell: Manifold Assault
 19097 | D:12     | Found a sacrificial altar of Ru.
 19101 | D:12     | Reached skill level 13 in Spellcasting
 19123 | D:12     | Identified the +10 morningstar of Disintegration {drain,
                  | Will+}
 19393 | D:12     | Reached *** piety under Ashenzari
 19426 | D:12     | Reached skill level 1 in Maces & Flails
 19990 | D:13     | Found Detul's Jewellery Boutique.
 19996 | D:13     | Bought an amulet of regeneration for 360 gold pieces
 20411 | D:13     | Noticed a centaur warrior
 20429 | D:13     | a centaur warrior changed into a two-headed ogre
 20748 | D:13     | Reached skill level 5 in Maces & Flails
 20958 | D:13     | Noticed a four-headed hydra
 20970 | D:13     | Killed a four-headed hydra
 21278 | D:14     | Noticed Louise
 21305 | D:14     | Noticed a boulder beetle
 21328 | D:14     | Killed a boulder beetle
 21599 | Orc:1    | Entered Level 1 of the Orcish Mines
 21605 | Orc:1    | Noticed Gastronok
 21681 | Orc:1    | Killed Gastronok
 21755 | Orc:1    | Found a runed translucent gate.
 21756 | Orc:1    | Found a runed translucent gate.
 21757 | Orc:1    | Found a runed translucent gate.
 21758 | Orc:1    | Noticed BeingJoeMalik's ghost (journeyman GrFi)
 21774 | Orc:1    | Noticed Urug
 21778 | Orc:1    | Noticed Erica
 21788 | Orc:1    | Killed Erica
 21790 | Orc:1    | Killed Urug
 22039 | Orc:1    | Noticed Fannar
 22051 | Orc:1    | Killed Fannar
 22052 | Orc:1    | Reached XP level 14. HP: 13/96 MP: 0/0
 22537 | Orc:2    | Entered Level 2 of the Orcish Mines
 22592 | Orc:2    | Found Winossoc's Weapon Boutique.
 23087 | Orc:2    | Noticed an orc warlord
 23217 | Orc:2    | Slain by an orc warlord

Illustrated notes

Levels and vault maps discovered:
D:1:      dpeg_arrival_yet_another_circle, layout_basic, serial_corexii_hall,
          corexii_hall_statues_l, corexii_hall_statues_u, nicolae_eternal_life
D:2:      layout_loops_ring, st_stairs_11, kennysheep_generic_room_2
D:3:      layout_basic, chequers_ecumenical_altar_island,
          chequers_serial_rivers_micro_e, minmay_misc_feat_alley, minivault_23,
          uniq_natasha, uniq_terence, uniq_ijyb, uniq_grinder
D:4:      layout_cave_pods, gammafunk_ghost_abyssal_escape, uniq_duvessa,
          uniq_menkaure, uniq_crazy_yiuf_cottage
D:5:      layout_gridville, minmay_temple_entry_tees
D:6:      layout_layer_cave, vehumet_statue
D:7:      layout_basic, marbit_many_paths, serial_shops, shop
D:8:      cheibrodos_barr_body, layout_loops_cross, bloody_makhleb,
          enter_bailey_3, minmay_misc_feat_doors,
          hangedman_decor_clover_reticule, serial_bayou_pond_b, hex_large
D:9:      layout_loops_ring
D:10:     layout_basic, nicolae_uskayaw_dance_studio, lair_entry_dummy,
          orc_david_3
D:11:     layout_irregular_city
D:12:     layout_rooms, nicolae_ru_great_annihilating_truth
D:13:     layout_basic, serial_shops, nicolae_stop_n_shop_1, nrook_mini_vaults
D:14:     layout_gridville, david_vaults_4, serial_bayou_pond_c, zin_angel,
          uniq_louise
Temple:   nicolae_temple_two_arcs
Orc:1:    nicolae_orc_accident_3, layout_diamond_mine,
          ebering_ghost_rock_garden, basic_altar, uniq_gastronok, uniq_fannar,
          uniq_erica, uniq_urug
Orc:2:    grunt_orc_community_town_hall, layout_diamond_mine,
          grunt_orc_community_big_house_2, grunt_orc_community_big_house_1,
          grunt_orc_community_house_3, grunt_orc_community_house_2,
          grunt_orc_community_house_1, grunt_orc_community_house_2,
          serial_shops, nicolae_shop_bloodbath_and_beyond, mines3_lemuel

Skill      XL: |  1  2  3  4  5  6  7  8  9 10 11 12 13 14 |
---------------+-------------------------------------------+-----
Spellcasting   | 3 4 5 6 9 12 13 | 13.8
Stealth        | 2 |  2.9
Short Blades   | 1 2 3 5 6 7 |  7.4
Fighting       | 1 2 3 4 |  4.6
Dodging        | 3 4 |  4.9
Armour         | 2 4 5 6 |  6.0
Evocations     | 1 4 |  4.0
Maces & Flails | 7 8 |  8.4

Action                   |  1- 3 |  4- 6 |  7- 9 | 10-12 | 13-15 || total
-------------------------+-------+-------+-------+-------+-------++-------
Melee: Dagger            |     2 |       |       |       |       ||     2
       Rapier            |    48 |    35 |    28 |     1 |       ||   112
       Punch             |       |     1 |     1 |     1 |     2 ||     5
       Scimitar          |       |       |       |    69 |    62 ||   131
       Morningstar       |       |       |       |       |   376 ||   376
 Cast: Foxfire           |    26 |    17 |   129 |    80 |    11 ||   263
       Scorch            |     6 |    19 |    73 |   116 |    79 ||   293
       Call Imp          |       |     1 |       |     1 |     3 ||     5
       Conjure Flame     |       |       |     5 |    25 |     9 ||    39
       Passage of Golubr |       |       |       |     8 |     2 ||    10
       Flame Wave        |       |       |       |    12 |     2 ||    14
       Inner Flame       |       |       |       |    17 |     7 ||    24
       Ozocubu's Armour  |       |       |       |     1 |       ||     1
       Anguish           |       |       |       |     1 |     4 ||     5
       Manifold Assault  |       |       |       |       |   147 ||   147
Invok: Curse Item        |       |       |     2 |     1 |     2 ||     5
Evoke: Wand              |       |       |     9 |    10 |     9 ||    28
  Use: Scroll            |     3 |     3 |     7 |     2 |     3 ||    18
       Potion            |       |     2 |       |     2 |     6 ||    10
 Stab: Sleeping          |     3 |     4 |       |     1 |       ||     8
       Invisible         |       |       |       |       |     1 ||     1
       Paralysed         |       |       |       |       |     1 ||     1
Armor: Robe              |    19 |     7 |    13 |       |       ||    39
       Skin              |       |       |     9 |       |       ||     9
       Steam dragon scal |       |       |     7 |    61 |    75 ||   143
Dodge: Dodged            |    34 |    36 |    50 |   159 |   161 ||   440
